 Dungeon Crawl Stone Soup version 0.28-a0-677-g3278d6a771 (webtiles) character file.

Game seed: 1036618923714889238

5423 BlueGoblin the Spry (level 10, -7/47 HPs)
             Began as a Spriggan Monk on Oct 18, 2021.
             Killed by divine providence
             ... invoked by an orc priest
              (14 damage)
             ... on level 9 of the Dungeon.
             The game lasted 00:32:36 (13945 turns).

BlueGoblin the Spry (Spriggan Monk)                Turns: 13945, Time: 00:32:36

Health: -7/47      AC: 16    Str:  7    XL:     10   Next: 40%
Magic:  11/11      EV: 32    Int: 11    God:
Gold:   418        SH:  9    Dex: 22    Spells: 9/9 levels left

rFire   + . .      SeeInvis +   b - +5 whip of the Fulmar {freeze, rF+ rC+ Will+}
rCold   + . .      Faith    .   g - +0 buckler
rNeg    . . .      Spirit   .   u - +1 robe
rPois   +          Reflect  .   (helmet restricted)
rElec   .          Harm     .   s - +1 cloak
rCorr   .          Rampage  .   (gloves unavailable)
Will    ++...                   (boots unavailable)
Stlth   +++.......              (no amulet)
HPRegen 0.15/turn               y - ring of the Tortoise {AC+8}
MPRegen 0.12/turn               q - ring of poison resistance

@: very quick
A: very small, no large weapons, unfitting armour, see invisible, speed 3,
iridescent scales 1, shaggy fur 1
a: no special abilities


You were on level 9 of the Dungeon.
You visited 2 branches of the dungeon, and saw 10 of its levels.

You collected 418 gold pieces.

Inventory:

Hand Weapons
 a - a +1 dagger of protection
 b - the +5 whip of the Fulmar (weapon) {freeze, rF+ rC+ Will+}
   (You took it off a kobold demonologist on level 4 of the Dungeon)

   It freezes those it strikes, dealing additional cold damage.
   It can also slow down cold-blooded creatures.
   rF:        It protects you from fire.
   rC:        It protects you from cold.
   Will:      It increases your willpower.
 h - a +0 short sword
 n - a +3 short sword of draining
 x - a +3 dagger
Missiles
 c - 22 bolts
 k - 37 poisoned darts (quivered)
 t - 2 curare-tipped darts
 B - 42 sling bullets
Armour
 g - a +0 buckler (worn)
 o - a scarf of shadows
 s - a +1 cloak (worn)
 u - a +1 robe (worn)
Jewellery
 f - a +4 ring of protection
 i - a +6 ring of strength
 j - a ring of positive energy
 q - a ring of poison resistance (right hand)
 v - a +4 ring of protection
 w - a ring of protection from fire
 y - the ring of the Tortoise (left hand) {AC+8}
   (You found it on level 6 of the Dungeon)

   [ring of protection]

   AC:        It affects your AC (+8).
Wands
 D - a wand of flame (11)
 E - a wand of mindburst (15)
Scrolls
 d - a scroll of holy word
 l - 3 scrolls of enchant armour
 m - a scroll of magic mapping
 p - 2 scrolls of identify
Potions
 e - a potion of flight
 r - a potion of curing
 z - a potion of brilliance {unknown}
 A - 2 potions of heal wounds {unknown}
 C - a potion of degeneration {unknown}
 F - a potion of mutation


   Skills:
 - Level 2.4 Fighting
 - Level 3.2 Short Blades
 * Level 15.8 Dodging
 - Level 3.0 Stealth
 * Level 7.5 Shields


You had 9 spell levels left.
You didn't know any spells.
Your spell library contained the following spells:

 Spells                   Type           Power      Damage    Failure   Level
 Ozocubu's Armour         Ice            0%         N/A       71%         3
 Cause Fear               Hex            0%         N/A       98%         4
 Metabolic Englaciation   Hex/Ice        0%         N/A       100%        5
 Simulacrum               Ice/Necr       0%         N/A       100%        6
 Dragon Form              Tmut           0%         N/A       100%        7
 Dragon's Call            Summ           0%         N/A       100%        9


Dungeon Overview and Level Annotations

Branches:
Dungeon (9/15)             Temple (1/1) D:4            Lair (0/6) D:8
    Orc: D:9-12

Altars:
Ashenzari
Elyvilon
Gozag
Kikubaaqudgha
Makhleb
Nemelex Xobeh
Okawaru
Qazlal
Ru
Uskayaw
Vehumet
Xom
Yredelemnul
Zin
The Shining One

Shops:
D:6 *   D:8 [:

Annotations:
D:3 TimeIsEndless's ghost, amateur FoFi


Innate Abilities, Weirdness & Mutations

You are very small and have problems with some larger weapons.
You are too small for most types of armour.
You have supernaturally acute eyesight. (SInv)
You cover ground extremely quickly. (Speed+++)
You are partially covered in iridescent scales. (AC +2)
You are covered in fur. (AC +1)


Message History

The hornet completely misses you.
The orc wizard casts a spell.
The orc wizard flickers and vanishes for a moment.
You block the orc warrior's attack.
The gnoll sergeant hits you from afar with a +3 vampiric spear.
* * * LOW HITPOINT WARNING * * *
The steam dragon breathes steam at you. The ball of steam misses you.
You see here a +0 robe.
The hornet is engulfed in a cloud of scalding steam.
You block the gnoll sergeant's attack. The steam dragon breathes steam at you.
The ball of steam hits the gnoll!
The gnoll dies!
The ball of steam misses you.
The hornet is engulfed in a cloud of scalding steam.
The hornet is engulfed in a cloud of scalding steam.
The orc is engulfed in a cloud of scalding steam.
The orc dies!
The orc misses you.
Hit: b) +5 whip of the Fulmar {freeze, rF+ rC+ Will+}
Press: ? - help, Dir - move target, f - orc wizard
Aim: an orc wizard, wielding a +0 dagger of pain and wearing a +0 robe (slightly transparent, about 37% to evade the +5 whip of the Fulmar)
Your weapon can't reach that far!
Okay, then.
The hornet stings you but does no damage.
You closely miss the orc. The hornet completely misses you.
The orc priest calls down the wrath of Beogh upon you.
Beogh smites you!
* * * LOW HITPOINT WARNING * * *
You hear a shout!
The hornet barely misses you. You block the gnoll's attack.
The orc priest shouts!
The orc priest completely misses you. The gnoll closely misses you.
The gnoll completely misses you. You block the gnoll's attack.
The orc priest misses you. The gnoll misses you.
The orc priest mumbles some strange prayers to Beogh against you.
Beogh smites you!
You die...

**,,..y.#* ##.##
#..)g... **,,,.....**
#..# #...g(..
**,,,,......* ##.##
#.......
*,,,,,).....###...####
##......
*,,,,,......(#.......#
##.....
**,,,,...............#
##....
*,,,,...............#
##...
****,,,....####....o..#
##.. ,,,,,,,...,*
##@.....# ##.
,,*****#**** #.o...##
## *** #y.o...###
#g.......###
#o.g.......###
#.o...##.....###
##.o.#####.....###
#...# ###.....# ##..#
###....


You could see a hornet, 2 orc priests, an orc wizard (invisible), 2 gnolls and 3
orcs.

Vanquished Creatures
  2 death yaks (D:7)
  The ghost of Zigma the Tormented, a novice OpNe of Kikubaaqudgha (D:6)
  A kobold demonologist (D:4)
  2 shadows
  A wyvern (D:8)
  An acid dragon (D:5)
  Duvessa (D:7)
  2 sky beasts
  An orc warrior (D:7)
  2 necrophages
  A black bear (D:7)
  2 centaurs
  5 ogres
  4 phantoms
  4 kobold brigands
  A gnoll sergeant (D:6)
  3 scorpions
  A wyvern skeleton (D:6)
  A water moccasin skeleton (D:6)
  Dowan (D:7)
  3 wights (D:8)
  2 hounds (D:4)
  A bullfrog zombie (D:6)
  2 centaur zombies
  2 jellies
  2 centaur skeletons (D:6)
  Crazy Yiuf (D:2)
  A bullfrog skeleton (D:5)
  Ijyb (D:4)
  2 iguanas (D:4)
  An orc wizard (D:5)
  A killer bee zombie (D:6)
  Robin (D:1)
  14 adders
  9 gnolls
  A shadow imp (D:6)
  2 ufetubi
  An adder zombie (D:5)
  A dart slug (D:5)
  6 orcs
  5 ball pythons
  3 bats
  7 endoplasms
  2 giant cockroaches
  15 goblins
  13 hobgoblins
  5 jackals
  20 kobolds
  4 quokkas
  6 frilled lizards
  2 rats
173 creatures vanquished.

Vanquished Creatures (others)
  A gnoll (D:9)
  An orc (D:9)
2 creatures vanquished.

Grand Total: 175 creatures vanquished

Notes
Turn   | Place    | Note
-------+----------+-------------------------------------------
     0 | D:1      | BlueGoblin the Spriggan Monk began the quest for the Orb.
     0 | D:1      | Reached XP level 1. HP: 11/11 MP: 2/2
     9 | D:1      | Found a faded altar of an unknown god.
  1116 | D:1      | Reached XP level 2. HP: 16/16 MP: 3/3
  1163 | D:1      | Reached skill level 5 in Dodging
  1630 | D:2      | Noticed a scorpion
  1700 | D:2      | Reached XP level 3. HP: 19/19 MP: 4/4
  1808 | D:2      | Reached skill level 6 in Dodging
  2304 | D:2      | Noticed Robin
  2357 | D:2      | Reached XP level 4. HP: 18/23 MP: 5/5
  2497 | D:1      | Killed Robin
  2702 | D:2      | Reached skill level 7 in Dodging
  3077 | D:2      | Found a runed translucent door.
  3078 | D:2      | Noticed Crazy Yiuf
  3655 | D:3      | Reached XP level 5. HP: 27/27 MP: 6/6
  3846 | D:3      | Found a runed translucent door.
  3853 | D:3      | Noticed TimeIsEndless's ghost (amateur FoFi)
  3886 | D:3      | Found a runed translucent door.
  4374 | D:4      | Found a glowing silver altar of Zin.
  4428 | D:4      | Reached skill level 8 in Dodging
  4710 | D:4      | Noticed a centaur
  4727 | D:4      | Killed a centaur
  4728 | D:4      | Reached skill level 1 in Shields
  4728 | D:4      | Reached XP level 6. HP: 24/32 MP: 7/7
  5048 | D:4      | Reached skill level 9 in Dodging
  5069 | D:4      | Found a staircase to the Ecumenical Temple.
  5084 | D:4      | Noticed Ijyb
  5086 | D:4      | Paralysed by Ijyb for 2 turns
  5090 | Temple   | Entered the Ecumenical Temple
  5309 | D:4      | Paralysed by Ijyb for 6 turns
  5381 | D:4      | Killed Ijyb
  5601 | D:5      | Entered Level 5 of the Dungeon
  5660 | D:5      | Noticed a sky beast
  5881 | D:4      | Reached XP level 7. HP: 35/35 MP: 8/8
  6389 | D:4      | Reached skill level 10 in Dodging
  7403 | D:5      | Reached skill level 11 in Dodging
  7526 | D:5      | Noticed a shadow
  7851 | D:5      | Reached XP level 8. HP: 39/39 MP: 9/9
  8868 | D:2      | Killed Crazy Yiuf
  9014 | D:5      | Found a sparkling altar of Nemelex Xobeh.
  9095 | D:5      | Reached skill level 12 in Dodging
  9202 | D:5      | Identified the +5 whip of the Fulmar {freeze, rF+ rC+
                  | Will+}
  9202 | D:5      | Noticed a kobold demonologist
  9224 | D:5      | Noticed an ice devil
  9243 | D:5      | Gained mutation: Your body sometimes deteriorates upon
                  | taking damage. [a neqoxec]
  9290 | D:4      | Noticed a rust devil
  9297 | D:4      | Killed a kobold demonologist
  9307 | D:4      | Reached skill level 5 in Shields
  9526 | D:6      | Reached XP level 9. HP: 43/43 MP: 10/10
  9555 | D:6      | Reached skill level 13 in Dodging
  9803 | D:6      | Found a runed translucent door.
  9804 | D:6      | Noticed a manticore
  9804 | D:6      | Noticed Zigma's ghost (novice OpNe)
 10855 | D:6      | Found Werhaem's Assorted Antiques.
 10866 | D:6      | Reached skill level 14 in Dodging
 11456 | D:6      | Killed Zigma's ghost
 11674 | D:6      | Found the ring of the Tortoise {AC+8}
 11763 | D:6      | Lost mutation: Your body sometimes deteriorates upon taking
                  | damage. [potion of mutation]
 11763 | D:6      | Gained mutation: You are partially covered in iridescent
                  | scales. (AC +2) [potion of mutation]
 11763 | D:6      | Gained mutation: You are covered in fur. (AC +1) [potion of
                  | mutation]
 11822 | D:7      | Found a burning altar of Makhleb.
 12357 | D:7      | Noticed a green death
 12372 | D:7      | Noticed Dowan
 12391 | D:7      | Killed Dowan
 12462 | D:7      | Noticed Duvessa
 12678 | D:7      | Killed Duvessa
 13012 | D:8      | Found Apihapn's Antique Armour Shoppe.
 13027 | D:8      | Reached skill level 15 in Dodging
 13027 | D:8      | Reached XP level 10. HP: 37/47 MP: 11/11
 13114 | D:8      | Noticed a death yak
 13114 | D:8      | Noticed a death yak
 13114 | D:8      | Noticed a death yak
 13115 | D:8      | Noticed a death yak
 13116 | D:8      | Found a staircase to the Lair.
 13116 | D:8      | Noticed a death yak
 13233 | D:7      | Killed a death yak
 13307 | D:7      | Killed a death yak
 13461 | D:8      | Found Dewiodd's Book Shop.
 13476 | D:8      | Noticed a death yak
 13835 | D:9      | Found a sacrificial altar of Ru.
 13945 | D:9      | Killed from afar by an orc priest

Illustrated notes

Levels and vault maps discovered:
D:1:      minmay_arrival_semitransparent, layout_basic,
          hellmonk_ecumenical_altar_arch_garden
D:2:      layout_loops_cross, minmay_misc_feat_secret_circle,
          uniq_crazy_yiuf_cottage, uniq_robin
D:3:      layout_rooms, ebering_ghost_sewer_f, minmay_surrounded
D:4:      layout_rooms, mainiacjoe_overflow_tiny_flanked,
          minmay_temple_entry_large_hall, kennysheep_cluttered_room,
          corexii_leaking_fountain, uniq_ijyb
D:5:      minmay_chambers_of_fours, layout_rooms, nemelex_diamond_rough_becter
D:6:      layout_basic, serial_shops, shop, ebering_ghost_inner_flame
D:7:      layout_gridville, makhleb_altar_promises_db, nrook_campfire,
          kennysheep_cross_bottleneck, uniq_duvessa
D:8:      layout_cave_pools, lemuel_blue_sif_altar, dpeg_lair_monsters,
          serial_shops, nicolae_shop_behind_doors, nicolae_take_the_stairs,
          shop, nicolae_inconvenience_store, nicolae_shop_statue_plus
D:9:      layout_cave_pods, nicolae_ru_the_path_less_chosen
Temple:   chequers_temple_sunken

Skill      XL: |  1  2  3  4  5  6  7  8  9 10 |
---------------+-------------------------------+-----
Dodging        | 5 6 7 8 9 11 12 15 | 15.8
Shields        | 1 2 3 5 6 7 |  7.5
Fighting       | |  2.4
Short Blades   | |  3.2
Stealth        | |  3.0

Action                   |  1- 3 |  4- 6 |  7- 9 | 10-12 || total
-------------------------+-------+-------+-------+-------++-------
Melee: Short sword       |   177 |   362 |   374 |       ||   913
       Dagger            |       |       |    56 |       ||    56
       Whip              |       |       |   330 |    80 ||   410
Throw: Dart              |       |       |    23 |    40 ||    63
Evoke: Wand              |       |       |     8 |       ||     8
  Use: Scroll            |     2 |     7 |     3 |     1 ||    13
       Potion            |     1 |       |     7 |     2 ||    10
 Stab: Sleeping          |     5 |    10 |     4 |       ||    19
       Distracted        |     1 |       |     1 |       ||     2
Armor: Robe              |    17 |    44 |    95 |    17 ||   173
Dodge: Dodged            |   178 |   334 |   787 |   157 ||  1456
Block: Buckler           |       |    93 |   337 |    57 ||   487

Table legend: (Time is in decaauts)
 A = Elapsed time spent in this place.
 B = Non-inter-level travel time spent in this place.
 C = Inter-level travel time spent in this place.
 D = Time resting spent in this place.
 E = Time spent auto-exploring this place.
 F = Levels seen in this place.
 G = Mean time per level.
                   A        B        C        D        E       F      G
               +--------+--------+--------+--------+--------+-----+--------+
         Total |  11313 |  10763 |    550 |   3768 |   3651 |  10 | 1131.3 |
       Dungeon |  11001 |  10469 |    532 |   3623 |   3513 |   9 | 1222.3 |
        Temple |    311 |    293 |     18 |    145 |    138 |   1 |  311.0 |
               +--------+--------+--------+--------+--------+-----+--------+

Top non-repeatable levels by time:
     D:4: 2141 daAuts
     D:6: 1867 daAuts
     D:2: 1545 daAuts
     D:1: 1506 daAuts
     D:5: 1234 daAuts
     D:7: 1168 daAuts
     D:3: 1111 daAuts
  Temple: 311 daAuts
     D:9: 261 daAuts
     D:8: 164 daAuts
